 Dungeon Crawl Stone Soup version 0.31.0-11-ge490571c62 (webtiles) character file.

Game seed: 6813003883614731677

17631 bearlyready the Nimble (level 12, -2/90 (92) HPs)
             Began as a Gnoll Hexslinger on Feb 10, 2024.
             Was the Champion of Ru.
             Slain by a red devil
             ... wielding a +0 vampiric demon trident
             ... summoned by an orc sorcerer
              (9 damage)
             ... while paralysed by an orc sorcerer
             ... on level 1 of the Orcish Mines.
             The game lasted 00:27:39 (14326 turns).

bearlyready the Nimble (Gnoll Hexslinger)          Turns: 14326, Time: 00:27:39

HP:   -2/90 (92)    AC: 11    Str:  7    XL:     12   Next: 50%
MP:   24/24         EV:  2    Int: 13    God:    Ru [******]
Gold: 1232          SH:  0    Dex: 20    Spells: 21/27 levels left

rFire   . . .        b - +2 dagger (venom)
rCold   + . .        (no shield)
rNeg    . . .        A - +3 leather armour
rPois   .            C - +0 helmet
rElec   .            q - +2 cloak
rCorr   .            H - +2 pair of gloves
SInv    .            E - +0 pair of boots
Will    .....        e - amulet of the acrobat
Stlth   ++++         d - ring of protection from cold
HPRegen 0.35/turn    (no ring)
MPRegen 0.19/turn

%: acrobat
@: paralysed, spiked, studying Evocations, lightly drained, unable to read
A: fangs 1, inability to read after injury 2, inability to use devices, hated by
all, reduced AC 1, strong nose, distributed training
a: Renounce Religion, Draw Out Power, Power Leap, Apocalypse


You were on level 1 of the Orcish Mines.
You worshipped Ru.
Ru was exalted by your worship.
You visited 4 branches of the dungeon, and saw 15 of its levels.

You collected 1232 gold pieces.

Inventory:

Hand Weapons
 a - a +0 shortbow
 b - a +2 dagger of venom (weapon)
 c - a +0 orcbow
 v - a +0 scimitar of flaming
 x - a +2 whip of venom
 P - a +1 sling
 U - a +1 long sword of holy wrath
 V - a +0 triple crossbow
Missiles
 i - 107 stones
 k - 32 poisoned darts (quivered)
 z - 8 javelins
 N - 10 boomerangs
Armour
 g - a +0 troll leather armour
 q - a +2 cloak (worn)
 u - +0 acid dragon scales
 A - a +3 leather armour (worn)
 C - a +0 helmet (worn)
 E - a +0 pair of boots (worn)
 H - a +2 pair of gloves (worn)
 S - a +1 robe of cold resistance
Jewellery
 d - a ring of protection from cold (left hand)
 e - an amulet of the acrobat (around neck)
Talismans
 n - a serpent talisman
Scrolls
 f - 3 scrolls of poison
 h - a scroll of teleportation
 l - a scroll of fog
 m - a scroll of enchant armour
 r - 4 scrolls of revelation
 t - 3 scrolls of butterflies
 J - 4 scrolls of immolation
 L - a scroll of enchant weapon
 M - 2 scrolls of amnesia
 O - a scroll of vulnerability
Potions
 j - 3 potions of might
 o - 2 potions of cancellation
 p - a potion of degeneration
 s - 2 potions of mutation
 w - a potion of berserk rage
 B - 3 potions of curing
 F - 2 potions of invisibility {unknown}
 G - 3 potions of resistance {unknown}
 I - a potion of brilliance {unknown}
 K - a potion of attraction {unknown}
 Q - a potion of lignification {unknown}
 R - a potion of enlightenment {unknown}


   Skills:
 + Level 8.1 Fighting
 + Level 7.6 Short Blades
 + Level 7.6 Long Blades
 + Level 7.6 Axes
 + Level 7.6 Maces & Flails
 + Level 7.6 Polearms
 + Level 7.6 Staves
 + Level 9.0 Ranged Weapons
 + Level 7.6 Throwing
 + Level 7.6 Armour
 + Level 9.0 Dodging
 + Level 7.6 Stealth
 + Level 7.6 Shields
 + Level 7.6 Unarmed Combat
 + Level 8.2 Spellcasting
 + Level 6.3 Conjurations
 + Level 8.4 Hexes
   Level 0.0 Summonings
 + Level 6.3 Necromancy
 + Level 6.3 Translocations
 + Level 6.7 Fire Magic
 + Level 6.3 Ice Magic
 + Level 6.3 Air Magic
 + Level 6.3 Earth Magic
 + Level 6.3 Alchemy
 + Level 8.3 Invocations
   Level 0.0 Evocations
 + Level 6.9 Shapeshifting


You had 21 spell levels left.
You knew the following spells:

 Your Spells              Type           Power      Damage    Failure   Level
a - Jinxbite              Hex            54%        N/A       1%          2
b - Sigil of Binding      Hex            27%        N/A       1%          3
c - Apportation           Tloc           42%        N/A       1%          1

Your spell library contained the following spells:

 Spells                   Type           Power      Damage    Failure   Level
 Sandblast                Erth           42%        2d11      1%          1
 Mercury Vapours          Alch/Air       42%        N/A       2%          2
 Inner Flame              Hex/Fire       25%        N/A       2%          3
 Mephitic Cloud           Conj/Alch/Air  21%        N/A       4%          3
 Cause Fear               Hex            13%        N/A       6%          4
 Dimensional Bullseye     Hex/Tloc       12%        N/A       9%          4
 Flame Wave               Conj/Fire      22%        2d8       13%         4
 Sticky Flame             Fire/Alch      22%        2d6       13%         4
 Alistair's Intoxication  Alch           14%        N/A       36%         5
 Freezing Cloud           Conj/Ice/Air   10%        6-21      36%         5
 Orb of Destruction       Conj           10%        9d6       100%        7
 Summon Blazeheart Golem  Fire/Summ      Unusable   N/A       N/A         4
 Spellforged Servitor     Conj/Summ      Unusable   N/A       N/A         7

Dungeon Overview and Level Annotations

Branches:
Dungeon (11/15)            Temple (1/1) D:4            Lair (1/5) D:9
    Orc (2/2) D:11
    Elf: Orc:2

Altars:
Ashenzari
Cheibriados
Dithmenos
Elyvilon
Gozag
Kikubaaqudgha
Makhleb
Nemelex Xobeh
Okawaru
Qazlal
Ru
Sif Muna
Trog
Uskayaw
Vehumet
Wu Jian
Xom
Zin
The Shining One

Shops:
D:1 =   D:6 :   D:9 *


Innate Abilities, Weirdness & Mutations

You have very sharp teeth.
You sometimes lose the ability to read scrolls when taking damage.
You cannot study or use magical devices.
You are hated by all.
You take slightly more damage. (AC -5)
Your uncanny sense of smell can sniff out nearby items.
Your experience applies equally to all skills.


Message History

a - a +0 shortbow (weapon)
Your +2 dagger of venom begins to drip with poison!
b - a +2 dagger of venom (weapon)
You hit the orc sorcerer but do no damage.
The orc sorcerer is poisoned.
The orc sorcerer is lightly wounded.
The orc sorcerer hits you but does no damage.
You hit the orc sorcerer but do no damage.
The orc sorcerer looks as sick as possible!
The orc sorcerer is lightly wounded.
You hit the orc sorcerer but do no damage.
The orc sorcerer is moderately wounded.
The orc sorcerer gestures wildly while chanting.
You puncture the orc sorcerer!
The orc sorcerer looks as sick as possible!
You bite the orc sorcerer, but do no damage.
The orc sorcerer is heavily wounded.
You hit the orc sorcerer but do no damage.
The orc sorcerer looks as sick as possible!
You punch the orc sorcerer.
You bite the orc sorcerer, but do no damage.
The orc sorcerer is severely wounded.
The orc sorcerer casts a spell at you.
You suddenly lose the ability to move!
The red devil hits you from afar with a +0 vampiric demon trident!
Barbed spikes become lodged in your body.
The orc sorcerer is stunned by your conviction and fails to attack.
The red devil hits you from afar with a +0 vampiric demon trident!
* * * LOW HITPOINT WARNING * * *
Barbed spikes become lodged in your body.
The orc sorcerer hits you with a +0 dagger.
* * * LOW HITPOINT WARNING * * *
The red devil hits you from afar with a +0 vampiric demon trident!
* * * LOW HITPOINT WARNING * * *
Barbed spikes become lodged in your body.
The orc sorcerer hits you with a +0 dagger.
* * * LOW HITPOINT WARNING * * *
You feel threatened and lose the ability to read scrolls!
The red devil hits you from afar with a +0 vampiric demon trident!
You die...

####.......#....#..
###.....#........
##.).....##$......
###.................
#.#.)..##..... #....
#...)### ....# ##...
#...>.## #.... ###..
###.)..#...... #....
#@o......#.......#
##.......# .....#
#4........ ....
.......... ... #
.....##.... .#....
....### .... #...
### #..$.# ... ....
#.### ###... ....
####..#### ###. ..#.


You could see an orc sorcerer (extremely poisoned) and a red devil (summoned).

Vanquished Creatures
  Fannar (D:11)
  Erica (Orc:1)
  3 two-headed ogres (D:10)
  An occultist (D:10)
  Lodul (D:11)
  A harpy (D:10)
  An orc sorcerer (Orc:1)
  Maurice (D:11)
  A cyclops (D:11)
  A cane toad (D:9)
  2 gargoyles
  An unseen horror (D:11)
  3 trolls
  A hornet (D:7)
  A shadow (D:11)
  19 yaks
  4 wyverns
  Eustachio (D:6)
  A steam dragon (D:9)
  4 vampire mosquitoes (D:10)
  A warg (D:9)
  An acid dragon (D:11)
  A water moccasin (Lair:1)
  10 orc warriors
  4 sky beasts
  2 ice beasts (D:8)
  2 wolves (D:9)
  5 centaurs
  14 ogres
  A phantom (D:4)
  2 scorpions (D:6)
  2 gnoll sergeants
  5 bullfrogs
  5 wights (D:8)
  5 killer bees
  4 howler monkeys
  A bombardier beetle (D:5)
  6 hounds
  11 orc priests
  5 jellies
  Jessica (D:2)
  17 orc wizards
  2 iguanas
  5 gnolls
  6 adders
  3 shadow imps
  2 ufetubi (D:6)
  3 dart slugs
  5 ribbon worms
  55 orcs
  4 endoplasms
  2 giant cockroaches
  6 goblins
  3 hobgoblins
  2 jackals (D:3)
  7 kobolds
  A quokka (D:1)
  3 ball pythons
  5 bats
  2 frilled lizards
  5 rats
275 creatures vanquished.

Vanquished Creatures (others)
  A phantom (D:5)
  An orc wizard (D:11)
  A gnoll (D:11)
  2 orcs
5 creatures vanquished.

Grand Total: 280 creatures vanquished

Notes
Turn   | Place    | Note
-------+----------+-------------------------------------------
     0 | D:1      | bearlyready the Gnoll Hexslinger began the quest for the
                  | Orb.
     0 | D:1      | Reached XP level 1. HP: 17/17 MP: 4/4
    79 | D:1      | Reached XP level 2. HP: 12/23 MP: 5/5
   256 | D:1      | Found Uhitz's Jewellery Shop.
   989 | D:2      | Reached XP level 3. HP: 28/28 MP: 7/7
  1010 | D:2      | Noticed Jessica
  1017 | D:2      | Killed Jessica
  1018 | D:2      | Reached skill level 1 in Short Blades
  1018 | D:2      | Reached skill level 1 in Long Blades
  1018 | D:2      | Reached skill level 1 in Axes
  1018 | D:2      | Reached skill level 1 in Maces & Flails
  1018 | D:2      | Reached skill level 1 in Polearms
  1018 | D:2      | Reached skill level 1 in Staves
  1018 | D:2      | Reached skill level 1 in Throwing
  1018 | D:2      | Reached skill level 1 in Armour
  1018 | D:2      | Reached skill level 1 in Stealth
  1018 | D:2      | Reached skill level 1 in Shields
  1018 | D:2      | Reached skill level 1 in Unarmed Combat
  1018 | D:2      | Reached skill level 1 in Invocations
  1018 | D:2      | Reached skill level 1 in Evocations
  1206 | D:2      | Found a faded altar of an unknown god.
  1213 | D:2      | Got Plato's Anthology of Oromancy
  1588 | D:3      | Reached skill level 1 in Shapeshifting
  1588 | D:3      | Reached XP level 4. HP: 19/34 MP: 8/8
  1661 | D:3      | Identified the +0 ring mail "Caymeicats" {rF+ Str+3}
  1822 | D:3      | Learned a level 2 spell: Jinxbite
  1826 | D:3      | Learned a level 3 spell: Sigil of Binding
  2078 | D:3      | Reached skill level 1 in Conjurations
  2078 | D:3      | Reached skill level 1 in Summonings
  2078 | D:3      | Reached skill level 1 in Necromancy
  2078 | D:3      | Reached skill level 1 in Translocations
  2078 | D:3      | Reached skill level 1 in Ice Magic
  2078 | D:3      | Reached skill level 1 in Air Magic
  2078 | D:3      | Reached skill level 1 in Earth Magic
  2078 | D:3      | Reached skill level 1 in Alchemy
  2240 | D:4      | Noticed a phantom
  2479 | D:4      | Reached XP level 5. HP: 40/40 MP: 6/9
  2532 | D:4      | Found a staircase to the Ecumenical Temple.
  2588 | Temple   | Entered the Ecumenical Temple
  2609 | Temple   | Became a worshipper of Ru the Awakened
  2658 | D:4      | Killed a phantom
  2659 | D:4      | Reached XP level 6. HP: 37/47 MP: 9/11
  2833 | D:4      | Reached skill level 5 in Ranged Weapons
  2833 | D:4      | Reached skill level 5 in Dodging
  3047 | D:4      | You fall into a shaft and drop 2 floors!
  3049 | D:6      | Noticed Eustachio
  3066 | D:6      | Killed Eustachio
  3067 | D:6      | Reached XP level 7. HP: 26/52 MP: 12/12
  3072 | D:6      | Found a stormy altar of Qazlal.
  3241 | D:6      | Found a blossoming altar of Fedhas.
  3442 | D:5      | Entered Level 5 of the Dungeon
  3667 | D:5      | Reached XP level 8. HP: 52/60 MP: 14/14
  3674 | D:5      | Gained mutation: You are hated by all. [Ru sacrifice]
  3674 | D:5      | Reached * piety under Ru
  3674 | D:5      | Reached ** piety under Ru
  4721 | D:6      | Found Nept's Book Emporium.
  5074 | D:7      | Noticed a yak
  5102 | D:7      | Killed a yak
  5103 | D:7      | Reached skill level 5 in Evocations
  5148 | D:7      | Found a shadowy altar of Dithmenos.
  5184 | D:7      | Reached XP level 9. HP: 66/66 MP: 16/16
  5312 | D:7      | Reached skill level 5 in Spellcasting
  5334 | D:7      | Reached skill level 5 in Fighting
  5437 | D:7      | Noticed a hornet
  5446 | D:7      | Paralysed by a hornet for 2 turns
  5447 | D:7      | Killed a hornet
  5611 | D:7      | Found a shimmering blue altar of Sif Muna.
  5998 | D:8      | Reached skill level 5 in Invocations
  6084 | D:8      | Learned a level 1 spell: Apportation
  6322 | D:8      | Reached skill level 5 in Short Blades
  6322 | D:8      | Reached skill level 5 in Long Blades
  6322 | D:8      | Reached skill level 5 in Axes
  6322 | D:8      | Reached skill level 5 in Maces & Flails
  6322 | D:8      | Reached skill level 5 in Polearms
  6322 | D:8      | Reached skill level 5 in Staves
  6322 | D:8      | Reached skill level 5 in Throwing
  6322 | D:8      | Reached skill level 5 in Armour
  6322 | D:8      | Reached skill level 5 in Stealth
  6322 | D:8      | Reached skill level 5 in Shields
  6322 | D:8      | Reached skill level 5 in Unarmed Combat
  6322 | D:8      | Reached XP level 10. HP: 76/76 MP: 18/18
  6453 | D:8      | Gained mutation: You take slightly more damage. (AC -5) [Ru
                  | sacrifice]
  6453 | D:8      | Reached *** piety under Ru
  6637 | D:8      | Found a broken altar of Ashenzari.
  7075 | D:9      | Found a staircase to the Lair.
  7105 | D:9      | Reached skill level 5 in Fire Magic
  7332 | D:9      | Reached skill level 5 in Shapeshifting
  8017 | D:9      | Found Fuusuttutt's Assorted Antiques.
  8523 | D:10     | Entered Level 10 of the Dungeon
  8548 | D:10     | Noticed a two-headed ogre
  8566 | D:10     | Killed a two-headed ogre
  8567 | D:10     | Reached skill level 5 in Conjurations
  8567 | D:10     | Reached skill level 5 in Necromancy
  8567 | D:10     | Reached skill level 5 in Translocations
  8567 | D:10     | Reached skill level 5 in Ice Magic
  8567 | D:10     | Reached skill level 5 in Air Magic
  8567 | D:10     | Reached skill level 5 in Earth Magic
  8567 | D:10     | Reached skill level 5 in Alchemy
  8567 | D:10     | Reached XP level 11. HP: 75/83 MP: 19/21
  8921 | D:10     | Noticed a two-headed ogre
  8943 | D:10     | Found an opulent altar of Gozag.
  9179 | D:10     | Found an ancient bone altar of Kikubaaqudgha.
  9216 | D:10     | Killed a two-headed ogre
  9673 | D:10     | Gained mutation: You occasionally lose the ability to read
                  | scrolls when taking damage. [Ru sacrifice]
  9673 | D:10     | Gained mutation: You sometimes lose the ability to read
                  | scrolls when taking damage. [Ru sacrifice]
  9673 | D:10     | Reached **** piety under Ru
  9926 | D:10     | Found a glowing golden altar of the Shining One.
 10048 | D:10     | Noticed an occultist
 10060 | D:10     | Killed an occultist
 10639 | D:10     | Noticed a harpy
 10650 | D:10     | Killed a harpy
 10753 | D:10     | Noticed a two-headed ogre
 10775 | D:10     | Killed a two-headed ogre
 11283 | D:11     | Noticed Fannar
 11326 | Lair:1   | Entered Level 1 of the Lair of Beasts
 11612 | D:11     | Noticed a cyclops
 11615 | D:11     | Killed a cyclops
 11824 | D:11     | Noticed Maurice
 11858 | D:11     | Killed Maurice
 11859 | D:11     | Reached XP level 12. HP: 79/91 MP: 17/23
 11943 | D:11     | Killed Fannar
 11944 | D:11     | Reached skill level 10 in Evocations
 12045 | D:11     | Noticed Lodul
 12065 | D:11     | Killed Lodul
 13053 | D:11     | Found a staircase to the Orcish Mines.
 13243 | Orc:1    | Entered Level 1 of the Orcish Mines
 14009 | Orc:1    | You fall into a shaft and drop 1 floor!
 14009 | Orc:2    | Entered Level 2 of the Orcish Mines
 14043 | Orc:1    | Gained mutation: You cannot study or use magical devices.
                  | [Ru sacrifice]
 14043 | Orc:1    | Reached ***** piety under Ru
 14043 | Orc:1    | Reached ****** piety under Ru
 14223 | Orc:1    | Noticed Erica
 14245 | Orc:1    | Killed Erica
 14323 | Orc:1    | Paralysed by an orc sorcerer for 3 turns
 14326 | Orc:1    | Slain by a red devil

Illustrated notes

Levels and vault maps discovered:
D:1:      roderic_crop_circles_arrival_small, layout_basic, serial_shops,
          nicolae_shop_gaudy_bauble
D:2:      layout_loops_ring, shapermc_ecumenical_altar_rom_forum, uniq_jessica
D:3:      layout_rooms, grunt_ministairs_1, roderic_nine_men_s_morris
D:4:      layout_cave_pods, minmay_temple_entry_wispy, serial_forest,
          infiniplex_forest_lined_3, infiniplex_forest_lined_1,
          infiniplex_forest_clump_double, infiniplex_forest_lined_corner,
          infiniplex_forest_straight_1, infiniplex_forest_3_way,
          infiniplex_forest_lined_room_3, infiniplex_forest_clump_double,
          minmay_manual_mail
D:5:      layout_loops_cross
D:6:      layout_rooms, fedhas_altar_3, overflow_temple_1_default, serial_shops,
          nicolae_shop_tiny_real_fake_doors, uniq_eustachio
D:7:      layout_rooms, nicolae_dithmenos_shadow_blocks, led_sif_book
D:8:      layout_basic, ashenzari_altar_1, grunt_decor_fettered
D:9:      layout_irregular_city, erik_lair_orcish_takeover, serial_shops,
          nicolae_shop_tiny_real_fake_doors
D:10:     layout_irregular_city, nicolae_overflow_crystal_walls,
          chequers_temple_overflow_statue_of_worship, kennysheep_cluttered_room,
          nzn_random_ring
D:11:     layout_roguey, david_orc_4, uniq_maurice, uniq_fannar, uniq_lodul
Temple:   dpeg_chambers_temple
Lair:1:   layout_chaotic_city, ebering_ghost_funeral_grove, st_stairs_12,
          kennysheep_rathole, grunt_megastairs_3
Orc:1:    layout_diamond_mine, uniq_erica
Orc:2:    grunt_orc_tribal_feast, layout_caves, ebering_ghost_reflecting_pool,
          serial_shops, nicolae_shop_stone, nicolae_orc_seminary

Skill      XL: |  1  2  3  4  5  6  7  8  9 10 11 12 |
---------------+-------------------------------------+-----
Fire Magic     | 2 3 4 5 6 |  6.7
Short Blades   | 1 2 3 5 6 7 |  7.6
Long Blades    | 1 2 3 5 6 7 |  7.6
Axes           | 1 2 3 5 6 7 |  7.6
Maces & Flails | 1 2 3 5 6 7 |  7.6
Polearms       | 1 2 3 5 6 7 |  7.6
Staves         | 1 2 3 5 6 7 |  7.6
Throwing       | 1 2 3 5 6 7 |  7.6
Armour         | 1 2 3 5 6 7 |  7.6
Stealth        | 1 2 3 5 6 7 |  7.6
Shields        | 1 2 3 5 6 7 |  7.6
Unarmed Combat | 1 2 3 5 6 7 |  7.6
Invocations    | 1 2 3 4 5 6 7 8 |  8.3
Evocations     | 1 2 3 5 6 8 9 0 |  0.0
Shapeshifting  | 1 2 3 4 5 6 |  6.9
Spellcasting   | 3 4 5 6 7 8 |  8.2
Conjurations   | 1 2 3 4 5 6 |  6.3
Summonings     | 1 2 0 |  0.0
Necromancy     | 1 2 3 4 5 6 |  6.3
Translocations | 1 2 3 4 5 6 |  6.3
Ice Magic      | 1 2 3 4 5 6 |  6.3
Air Magic      | 1 2 3 4 5 6 |  6.3
Earth Magic    | 1 2 3 4 5 6 |  6.3
Alchemy        | 1 2 3 4 5 6 |  6.3
Fighting       | 3 4 5 6 7 8 |  8.1
Ranged Weapons | 5 6 7 8 9 |  9.0
Dodging        | 5 6 7 8 9 |  9.0
Hexes          | 6 7 8 |  8.4

Action                     |  1- 3 |  4- 6 |  7- 9 | 10-12 || total
---------------------------+-------+-------+-------+-------++-------
  Melee: Whip              |    24 |    34 |       |       ||    58
         Bite              |     3 |     5 |    34 |   116 ||   158
         Punch             |     1 |       |     6 |    43 ||    50
         Dagger            |       |    10 |   262 |   697 ||   969
   Fire: Sling             |    53 |    96 |   177 |    54 ||   380
         Shortbow          |       |       |       |   188 ||   188
         Orcbow            |       |       |       |    93 ||    93
         Triple crossbow   |       |       |       |    25 ||    25
  Throw: Dart              |       |       |       |     5 ||     5
   Cast: Jinxbite          |       |     6 |     9 |    30 ||    45
         Sigil of Binding  |       |       |       |     9 ||     9
 Invoke: Sacrifice Love    |       |       |     1 |       ||     1
         Draw Out Power    |       |       |       |     1 ||     1
         Sacrifice Health  |       |       |       |     1 ||     1
         Sacrifice Words   |       |       |       |     1 ||     1
         Power Leap        |       |       |       |     1 ||     1
         Sacrifice Artific |       |       |       |     1 ||     1
  Evoke: Wand              |       |       |       |    18 ||    18
    Use: Scroll            |       |       |       |    26 ||    26
         Potion            |       |       |       |     2 ||     2
   Stab: Sleeping          |       |       |     2 |     7 ||     9
         Invisible         |       |       |       |     3 ||     3
         Paralysed         |       |       |       |     4 ||     4
 Armour: Robe              |    21 |     1 |       |       ||    22
         Ring mail         |       |    63 |     6 |       ||    69
         Leather armour    |       |       |   126 |   447 ||   573
  Dodge: Dodged            |    18 |    63 |   147 |   574 ||   802
